 Dungeon Crawl Stone Soup version 0.27.1-37-g7b29ead8ac (console) character file.

Game seed: 17932343379292977681

2 grimtooth the Sneak (level 1, -5/18 HPs)
             Began as a Demigod Delver on Jan 15, 2024.
             Slain by Grinder (8 damage)
             ... while paralysed by Grinder
             ... on level 3 of the Dungeon.
             The game lasted 00:02:29 (202 turns).

grimtooth the Sneak (Demigod Delver)                 Turns: 202, Time: 00:02:30

Health: -5/18      AC:  3    Str: 13    XL:     1   Next: 20%
Magic:  3/3        EV:  2    Int: 12    God:
Gold:   35         SH:  0    Dex: 15    Spells: 0/0 levels left

rFire    . . .     SeeInvis .   a - +0 mace
rCold    . . .     Faith    .   (no shield)
rNeg     . . .     Spirit   .   b - +0 leather armour
rPois    .         Reflect  .   (no helmet)
rElec    .         Harm     .   (no cloak)
rCorr    .         Rampage  .   (no gloves)
Will     .....                  (no boots)
Stlth    +++.......             (no amulet)
HPRegen  0.06/turn              (no ring)
MPRegen  0.08/turn              (no ring)

@: paralysed
A: high mp 1, forlorn
a: no special abilities


You were on level 3 of the Dungeon.
You visited 1 branch of the dungeon, and saw 3 of its levels.

You collected 35 gold pieces.

Inventory:

Hand Weapons
 a - a +0 mace (weapon)
Missiles
 i - 8 boomerangs (quivered)
Armour
 b - a +0 leather armour (worn)
Wands
 g - a wand of digging (3)
Scrolls
 c - a scroll of fog
 d - a scroll of magic mapping
 e - a scroll of fear
 j - 2 scrolls of identify {unknown}
Potions
 f - a potion of haste
 h - a potion of resistance {unknown}


   Skills:
 - Level 2.6 Fighting
 + Level 2.0 Maces & Flails
 - Level 1.7 Dodging
 - Level 4.5 Stealth


You couldn't memorise any spells.
You didn't know any spells.
Your spell library was empty.

Dungeon Overview and Level Annotations

Branches:
Dungeon (5/15)
 Temple: D:4-7

Annotations:
D:3 exclusion: goblin, Grinder, Robin
D:4 exclusions: iguana and quokka


Innate Abilities, Weirdness & Mutations

Your attributes grow dramatically as you level up.
You have an increased reservoir of magic. (+10% MP)
You shall have no god before yourself.


Message History

There is a stone staircase leading up here.
The ball python hisses angrily.
The ball python bites you but does no damage.
The ball python grabs you. The ball python constricts you.
You sock the ball python!
You kill the ball python!
Your Maces & Flails skill increases to level 2!
You see here a ball python corpse.
j - 2 scrolls labelled EBLUF CEOXO You see here a ball python corpse.
Press: ? - help, v - describe, . - travel, g - get item Item here: a spear.
The floor.
There is a stone staircase leading up here.
You climb upwards.
Found a glowing barding and a whip.
There is a stone staircase leading down here. 3 goblins and Robin come into view.
Robin is wielding a +2 spear of venom.
Press: ? - help, . - travel You can't see that place. [the floor.] Placed new exclusion.
Found 10 gold pieces.
You now have 35 gold pieces (gained 10).
An adder and Grinder come into view.
Grinder shouts!
Grinder gestures at you.
You suddenly lose the ability to move!
The adder moves out of view.
Grinder says, "There's only one good use for a tongue: cutting it out."
Grinder gestures at you.
You shrug off the repeated paralysis!
The adder hisses angrily.
Grinder hits you.
You writhe in agony.
Grinder hits you.
* * * LOW HITPOINT WARNING * * *
You writhe in agony.
* * * LOW HITPOINT WARNING * * *
Grinder hits you!
You die...

# ..## #. ... #. #..
#..... #..#.## #.....
## #..#.###...#
#.S5@.......
#..#.###...# #. #.# .
#. #.# ..
.##.#..8#..#.####...
g
....#..##..#........
g
#......#............
g
#..##.##.##.######..#
g#
#.....###...######..#
..
#.......##......##..#
.. #.###.#.##......#
.)#####


You could see Grinder and an adder.

Vanquished Creatures
  A goblin (D:4)
  A ball python (D:4)
2 creatures vanquished.

Vanquished Creatures (others)
  A plant (D:3)
1 creature vanquished.

Grand Total: 3 creatures vanquished

Notes
Turn   | Place    | Note
-------+----------+-------------------------------------------
     0 | D:5      | grimtooth the Demigod Delver began the quest for the Orb.
     0 | D:5      | Reached XP level 1. HP: 18/18 MP: 3/3
    73 | D:4      | Noticed an iguana
   154 | D:3      | Noticed Robin
   196 | D:3      | Noticed Grinder
   196 | D:3      | Paralysed by Grinder for 7 turns
   202 | D:3      | Slain by Grinder

Illustrated notes

Levels and vault maps discovered:
D:3:      layout_basic, mainiacjoe_overflow_alcove_4, serial_corexii_hall,
          chequers_hall_statues_wall_a, chequers_hall_statues_wall_a,
          chequers_serial_rivers_marsh, serial_bayou_pond_b, uniq_robin,
          uniq_grinder, uniq_sigmund
D:4:      layout_loops_ring, general_overflow_altar,
          lemuel_mausoleum_altar_kikubaaqudgha
D:5:      layout_rooms, lemuel_zombie_altar_yredelemnul, minivault_1,
          chequers_serial_rivers_marsh, nicolae_shop_gadgets

Skill      XL: |  1 |
---------------+----+-----
Maces & Flails | 2 |  2.0
Fighting       | |  2.6
Dodging        | |  1.7
Stealth        | |  4.5

Action                   || total
-------------------------++-------
Melee: Mace              ||     2
 Stab: Sleeping          ||     1
Armor: Leather armour    ||     1
